 Dungeon Crawl Stone Soup version 0.32-a0-872-g59262bdc9b (webtiles) character file.

Game seed: 13653962617562085017

61245 Iwannabefree the Bludgeoner (level 15, 0/184 HPs)
             Began as a Human Berserker on Mar 30, 2024.
             Was a High Priest of Trog.
             Slain by a skeletal warrior
             ... wielding a +0 long sword
              (14 damage)
             ... on level 12 of the Dungeon.
             The game lasted 00:38:53 (16645 turns).

Iwannabefree the Bludgeoner (Human Berserker)      Turns: 16645, Time: 00:38:53

Health: 0/184      AC: 21    Str: 23    XL:     15   Next: 2%
Magic:  4/15       EV: 16    Int:  8    God:    Trog [*****.]
Gold:   211        SH:  5    Dex: 20    Spells: 14/14 levels left

rFire   . . .        T - +8 dire flail "Gyruf" {heavy, Stlth+}
rCold   . . .        (shield currently unavailable)
rNeg    . . .        B - +0 ring mail {rPois}
rPois   +            X - +1 helmet
rElec   .            c - +2 cloak
rCorr   .            r - +2 pair of gloves {infuse}
SInv    .            F - +0 pair of boots
Will    +....        b - amulet of reflection Stlth
                     A - +6 ring of dexterity
HPRegen 0.50/turn    o - +4 ring of protection
MPRegen 0.14/turn

%: reflection, infuse magic (1 MP)
@: berserking, very quick
A: explore regen
a: Renounce Religion, Berserk, Trog's Hand, Brothers in Arms


You were on level 12 of the Dungeon.
You worshipped Trog.
Trog was extremely pleased with you.
You visited 4 branches of the dungeon, and saw 20 of its levels.
You also visited: Bailey.

You collected 1911 gold pieces.
You spent 1700 gold pieces at shops.

Inventory:

Hand Weapons
 J - a +0 demon whip of chaos
 T - the +8 dire flail "Gyruf" (weapon) {heavy, Stlth+}
   (Trog gifted it to you on level 3 of the Lair of Beasts)

   Stlth+:    It makes you more stealthy.
Missiles
 m - a throwing net
 y - 32 boomerangs
 C - 6 silver javelins
 G - 20 curare-tipped darts (quivered)
 Z - 7 javelins
Armour
 c - a +2 cloak (worn)
 r - a +2 pair of gloves of infusion (worn)
 B - a +0 ring mail of poison resistance (worn)
 D - a +2 pair of gloves
 F - a +0 pair of boots (worn)
 I - the +0 cloak of Xoesk {rN+ rCorr Dex+3}
   (You found it on level 8 of the Dungeon)

   Dex+3:     It affects your dexterity (+3).
   rN+:       It protects you from negative energy.
   rCorr:     It protects you from acid and corrosion.
 Q - a +1 pair of gloves
 X - a +1 helmet (worn)
Jewellery
 b - an amulet of reflection (around neck)
 f - a ring of fire
 i - a ring of flight
 o - a +4 ring of protection (right hand)
 w - a ring of fire
 A - a +6 ring of dexterity (left hand)
 H - a ring of poison resistance
 K - a ring of ice
 V - an amulet of faith
Wands
 d - a wand of digging (3)
 j - a wand of charming (22)
 k - a wand of quicksilver (39)
 p - a wand of iceblast (5)
 v - a wand of flame (87)
Scrolls
 h - 4 scrolls of enchant armour
 l - 4 scrolls of enchant weapon
 n - 5 scrolls of teleportation
 s - a scroll of poison
 u - 4 scrolls of blinking
 x - a scroll of vulnerability {unknown}
 L - a scroll of fog
 O - a scroll of revelation
 R - a scroll of immolation
 Y - a scroll of fear
Potions
 a - 2 potions of cancellation
 e - 4 potions of invisibility
 g - 4 potions of brilliance
 q - 5 potions of curing
 t - a potion of magic {unknown}
 z - 5 potions of heal wounds
 E - a potion of haste {unknown}
 M - 3 potions of mutation
 N - 2 potions of attraction
 P - 3 potions of lignification
 S - a potion of resistance {unknown}
 U - 2 potions of enlightenment
 W - a potion of might


   Skills:
 + Level 13.0 Fighting
 - Level 3.4 Short Blades
 + Level 16.0(16.1) Maces & Flails
 - Level 3.6(11.0) Staves
 + Level 7.0 Throwing
 - Level 9.6 Armour
 - Level 9.5 Dodging
 - Level 6.0 Evocations


You had 14 spell levels left.
You didn't know any spells.
Your spell library contained the following spells:

 Spells                   Type           Power      Damage    Failure   Level
 Summon Forest            Summ/Tloc      0%         N/A       100%        5
 Eringya's Noxious Bog    Alch           0%         4d6       100%        6
 Summon Hydra             Summ           0%         N/A       100%        7


Dungeon Overview and Level Annotations

Branches:
Dungeon (12/15)            Temple (1/1) D:5            Lair (5/5) D:10
  Swamp (0/4) Lair:3        Snake (0/4) Lair:2        Slime (0/5) Lair:4
    Orc (2/2) D:10            Elf (0/3) Orc:2        Bailey (visited)

Altars:
Ashenzari
Cheibriados
Dithmenos
Elyvilon
Fedhas
Gozag
Hepliaklqana
Kikubaaqudgha
Makhleb
Nemelex Xobeh
Okawaru
Qazlal
Ru
Sif Muna
Trog
Uskayaw
Vehumet
Wu Jian
Xom
Yredelemnul
Zin
The Shining One
Beogh

Shops:
D:9 :*   Orc:2 *[([

Annotations:
Lair:1 1 runed translucent door, Yrofucoc's ghost, journeyman OpFE
Lair:4 3 runed translucent doors, Nelug's ghost, journeyman OpSh


Innate Abilities, Weirdness & Mutations

You regain HP and MP as you explore.


Message History

A skeletal warrior comes into view. It is wielding a +0 glaive.
A skeletal warrior is nearby!
The skeletal warrior hits you from afar with a +0 glaive!!
The skeletal warrior hits you but does no damage.
You hit the skeletal warrior but do no damage.
You block the skeletal warrior's attack.
You completely miss the skeletal warrior.
The skeletal warrior hits you with a +0 glaive!
You impale the skeletal warrior!!
The skeletal warrior is moderately damaged.
The skeletal warrior barely misses you.
You hit the skeletal warrior but do no damage.
The skeletal warrior is moderately damaged.
The skeletal warrior hits you with a +0 glaive!
You are too injured to fight recklessly!
You thump the skeletal warrior!
The skeletal warrior is heavily damaged.
You block the skeletal warrior's attack.
A skeletal warrior comes into view.
It is wielding a +0 flail of protection.
You closely miss the skeletal warrior.
The skeletal warrior is heavily damaged.
The skeletal warrior hits you with a +0 glaive!!
You hit the skeletal warrior.
The skeletal warrior is heavily damaged.
You hit the skeletal warrior but do no damage.
The skeletal warrior is heavily damaged.
The skeletal warrior hits you with a +0 glaive!
* * * LOW HITPOINT WARNING * * *
You pound the skeletal warrior like an anvil!!!
You destroy the skeletal warrior!
Trog accepts your kill.
You have reached level 15!
Your experience leads to an increase in your attributes!
Your base attributes are Str 21, Int 8, Dex 14.
Increase (s)trength, (i)ntelligence, or (d)exterity?
You feel stronger. x2
A skeletal warrior comes into view. It is wielding a +0 long sword.
The skeletal warrior attacks as it pursues you!
The skeletal warrior hits you with a +0 flail of protection!
* * * LOW HITPOINT WARNING * * *
The skeletal warrior attacks as it pursues you!
The skeletal warrior misses you.
You hit the skeletal warrior.
The skeletal warrior is lightly damaged.
You perforate the skeletal warrior like a sieve!!!
The skeletal warrior is severely damaged.
The skeletal warrior hits you with a +0 flail of protection!
* * * LOW HITPOINT WARNING * * *
You sock the skeletal warrior!
The skeletal warrior is severely damaged.
The skeletal warrior completely misses you.
You barely miss the skeletal warrior.
The skeletal warrior is severely damaged.
The skeletal warrior hits you with a +0 flail of protection!
* * * LOW HITPOINT WARNING * * *
You hit the skeletal warrior but do no damage.
The skeletal warrior is severely damaged.
The skeletal warrior hits you with a +0 flail of protection!!
* * * LOW HITPOINT WARNING * * *
A red film seems to cover your vision as you go berserk!
You feel yourself moving faster!
You feel mighty!
You closely miss the skeletal warrior.
The skeletal warrior closely misses you.
You impale the skeletal warrior!!
You destroy the skeletal warrior!
Trog accepts your kill.
The skeletal warrior hits you with a +0 long sword!
* * * LOW HITPOINT WARNING * * *
Your Fighting skill increases to level 13!
Your Maces & Flails skill increases to level 16!
Your Throwing skill increases to level 7!
You barely miss the skeletal warrior.
The skeletal warrior hits you with a +0 long sword.
* * * LOW HITPOINT WARNING * * *
You skewer the skeletal warrior like a kebab!!!
The skeletal warrior is severely damaged.
You puncture the skeletal warrior!
The skeletal warrior is almost destroyed.
The skeletal warrior hits you with a +0 long sword!
You die...

##........## #..........###
#........#........
#........#.......
#..........# ..#
#.........## ..#
#........## ##..## ###
#.)z.....####....##
##.####.@#......##..##..#
##...##...#............)..
##.....#...##.....z#...####
##.......†..###.......###
##...........# ##...####
#.......)...## #..##
#............## ####
##.......[.<..#
#............#


You could see a skeletal warrior.

Vanquished Creatures
  Gastronok (Lair:1)
  Kirke (Lair:5)
  An orc warlord (Orc:2)
  Nessos (Lair:5)
  5 hydras
  Harold (Lair:1)
  A two-headed ogre (D:11)
  4 death yaks (Lair:5)
  An orc high priest (Orc:2)
  Urug (D:12)
  A fire crab (Lair:5)
  A skyshark (Lair:5)
  2 skeletal warriors (D:12)
  3 orc knights
  2 bog bodies (Lair:3)
  3 obsidian bats
  An ugly thing (D:11)
  An orc sorcerer (Orc:2)
  An oklob plant (Lair:3)
  2 manticores
  Maurice (Orc:2)
  4 kobold blastminers
  13 elephants
  5 black mambas
  5 cane toads
  2 kobold demonologists
  2 rime drakes
  8 komodo dragons
  2 tengu conjurers (D:10)
  6 polar bears
  4 trolls
  4 hornets (Lair:5)
  Prince Ribbit (D:8)
  6 dream sheep
  4 blink frogs (Lair:5)
  A shadow (D:9)
  A vampire (D:11)
  44 yaks
  14 spriggans (Lair:5)
  5 wyverns
  A hog (Lair:5)
  2 basilisks
  5 wargs
  3 steam dragons
  Grum (D:8)
  A naga (Lair:2)
  3 vampire mosquitoes (D:12)
  17 water moccasins
  An acid dragon (D:10)
  2 ice beasts (D:6)
  22 orc warriors
  3 boggarts (Lair:5)
  9 ogres
  4 black bears
  23 wolves
  5 centaurs
  2 phantoms
  10 kobold brigands
  12 bullfrogs
  3 scorpions (D:5)
  6 wights
  Dowan (D:7)
  15 killer bees
  A vampire bat (Orc:2)
  An electric eel (Lair:5)
  6 howler monkeys
  16 orc priests
  2 bombardier beetles
  3 hounds
  3 jellies
  3 sleepcaps
  4 iguanas
  21 orc wizards
  2 hell rats (Lair:5)
  Robin (D:3)
  3 adders
  2 shadow imps
  3 white imps
  2 ufetubi (D:7)
  2 dart slugs
  2 ribbon worms
  84 orcs
  4 endoplasms
  5 giant cockroaches
  10 goblins
  10 hobgoblins
  10 jackals
  7 quokkas
  6 ball pythons
  11 bats
  5 frilled lizards
  30 kobolds
  6 rats
582 creatures vanquished.

Vanquished Creatures (collateral kills)
  An elephant (Lair:5)
  A water moccasin (Lair:5)
  Duvessa (D:7)
  2 orc warriors (Bailey)
  A wight (D:7)
  A hell rat (Lair:5)
7 creatures vanquished.

Vanquished Creatures (others)
  2 elephants (Lair:4)
  A cane toad (Lair:5)
  A hornet (Lair:5)
  A yak (Lair:5)
  A human (Lair:5)
  An orc warrior (Bailey)
  A wolf (Lair:5)
  A kobold brigand (Bailey)
  A wight (D:7)
  An orc wizard (Orc:2)
  A hell rat (Lair:5)
  An orc (D:7)
13 creatures vanquished.

Grand Total: 602 creatures vanquished

Notes
Turn   | Place    | Note
-------+----------+-------------------------------------------
     0 | D:1      | Iwannabefree the Human Berserker began the quest for the
                  | Orb.
     0 | D:1      | Reached XP level 1. HP: 18/18 MP: 1/1
    76 | D:1      | Reached XP level 2. HP: 24/24 MP: 2/2
   201 | D:1      | Found a faded altar of an unknown god.
   478 | D:1      | Reached skill level 4 in Maces & Flails
   488 | D:1      | Reached XP level 3. HP: 23/29 MP: 3/3
   726 | D:1      | Reached ** piety under Trog
  1563 | D:3      | Reached XP level 4. HP: 35/35 MP: 4/4
  1572 | D:3      | Found a sparkling altar of Nemelex Xobeh.
  1599 | D:3      | Found an ornate altar of the Wu Jian Council.
  1840 | D:3      | Reached skill level 1 in Short Blades
  1847 | D:3      | Noticed Robin
  1866 | D:3      | Killed Robin
  2013 | D:3      | Noticed an ogre
  2020 | D:3      | Killed an ogre
  2021 | D:3      | Reached XP level 5. HP: 34/41 MP: 5/5
  2386 | D:4      | Reached skill level 5 in Maces & Flails
  2433 | D:3      | Reached XP level 6. HP: 29/47 MP: 6/6
  2765 | D:4      | Reached *** piety under Trog
  3071 | D:5      | Entered Level 5 of the Dungeon
  3114 | D:5      | Reached skill level 6 in Maces & Flails
  3176 | D:5      | Reached XP level 7. HP: 43/52 MP: 7/7
  3195 | D:5      | Found a staircase to the Ecumenical Temple.
  3258 | D:5      | Reached skill level 7 in Maces & Flails
  3267 | Temple   | Entered the Ecumenical Temple
  3333 | D:5      | Reached skill level 8 in Maces & Flails
  3493 | D:5      | Reached skill level 1 in Evocations
  3493 | D:5      | Reached XP level 8. HP: 58/58 MP: 8/8
  3804 | D:5      | HP: 10/58 [centaur/arrow (11)]
  3988 | D:6      | Reached skill level 9 in Maces & Flails
  4099 | D:6      | Found a glowing golden altar of the Shining One.
  4288 | D:6      | Reached XP level 9. HP: 24/63 MP: 9/9
  4608 | D:6      | Reached skill level 5 in Evocations
  4876 | D:6      | Reached skill level 10 in Maces & Flails
  5011 | D:6      | Found a snail-covered altar of Cheibriados.
  5013 | D:6      | Found a shimmering blue altar of Sif Muna.
  5013 | D:6      | Found an ornate altar of the Wu Jian Council.
  5026 | D:6      | Found a shimmering altar of Xom.
  5026 | D:6      | Found an ornate altar of the Wu Jian Council.
  5026 | D:6      | Found a glowing golden altar of the Shining One.
  5438 | D:7      | Found a glowing silver altar of Zin.
  5453 | D:7      | Noticed Duvessa
  5464 | D:7      | Killed Duvessa
  5674 | D:7      | Noticed Dowan
  5677 | D:7      | Killed Dowan
  5677 | D:7      | Reached **** piety under Trog
  5743 | D:7      | Found a flagged portal.
  5751 | Bailey   | Entered a bailey
  5805 | Bailey   | Reached XP level 10. HP: 42/72 MP: 10/10
  5988 | Bailey   | Reached skill level 11 in Maces & Flails
  5990 | Bailey   | Found a burning altar of Makhleb.
  6005 | Bailey   | Identified the +11 quarterstaff of Ucwihic {heavy, rC++
                  | Str+5}
  6183 | D:7      | Found a stormy altar of Qazlal.
  6184 | D:7      | Found an opulent altar of Gozag.
  6391 | D:8      | Noticed a manticore
  6409 | D:8      | Killed a manticore
  6410 | D:8      | Reached skill level 5 in Fighting
  6563 | D:8      | Identified the +0 cloak of Xoesk {rN+ rCorr Dex+3}
  6611 | D:8      | Reached skill level 1 in Staves
  6771 | D:8      | Reached skill level 5 in Armour
  6771 | D:8      | Reached skill level 5 in Dodging
  6782 | D:8      | Noticed Prince Ribbit
  6786 | D:8      | Killed Prince Ribbit
  6817 | D:8      | Noticed Grum
  6831 | D:8      | Killed Grum
  7117 | D:9      | Noticed a kobold demonologist
  7118 | D:9      | Noticed an orange demon
  7162 | D:9      | Noticed a smoke demon
  7162 | D:9      | Killed a kobold demonologist
  7181 | D:9      | Found Duniog's Desiderata Depot.
  7191 | D:9      | Bought a +0 demon whip of venom for 300 gold pieces
  7325 | D:9      | Reached XP level 11. HP: 74/79 MP: 11/11
  7450 | D:9      | Found Zibbox's Self-Published Books.
  7569 | D:10     | Entered Level 10 of the Dungeon
  7587 | D:10     | Identified the +6 dagger of the End {elec, rF- Int+3 Dex+3}
  7651 | D:10     | Reached ***** piety under Trog
  7662 | D:10     | Found a staircase to the Orcish Mines.
  7787 | D:10     | Found a snail-covered altar of Cheibriados.
  7880 | D:10     | Found a staircase to the Lair.
  7913 | D:10     | Found a radiant altar of Vehumet.
  8497 | D:11     | Noticed a manticore
  8507 | D:11     | Killed a manticore
  8571 | D:11     | Noticed a two-headed ogre
  8748 | D:11     | Killed a two-headed ogre
  8749 | D:11     | Reached skill level 12 in Maces & Flails
  8752 | D:11     | Received a gift from Trog
  9204 | Lair:1   | Entered Level 1 of the Lair of Beasts
  9204 | Lair:1   | Noticed Harold
  9209 | Lair:1   | Killed Harold
  9279 | Lair:1   | Noticed Gastronok
  9324 | Lair:1   | Killed Gastronok
  9325 | Lair:1   | Reached XP level 12. HP: 56/91 MP: 12/12
  9988 | Lair:1   | Found a runed translucent door.
  9989 | Lair:1   | Noticed Yrofucoc's ghost (journeyman OpFE)
 10163 | Lair:2   | Found a staircase to the Snake Pit.
 10525 | Lair:2   | Noticed a five-headed hydra
 10530 | Lair:2   | Killed a five-headed hydra
 10977 | Lair:2   | You fall into a shaft and drop 2 floors!
 10977 | Lair:4   | Found a staircase to the Slime Pits.
 10994 | Lair:4   | Noticed a six-headed hydra
 11008 | Lair:4   | Killed a six-headed hydra
 11270 | Lair:4   | Reached skill level 13 in Maces & Flails
 11384 | Lair:3   | Reached XP level 13. HP: 100/100 MP: 13/13
 11406 | Lair:3   | Found a staircase to the Swamp.
 11422 | Lair:3   | Identified the +8 dire flail "Gyruf" {heavy, Stlth+} (Trog
                  | gifted it to you on level 3 of the Lair of Beasts)
 11422 | Lair:3   | Received a gift from Trog
 12510 | Lair:4   | Reached skill level 10 in Fighting
 12523 | Lair:4   | Reached skill level 14 in Maces & Flails
 12596 | Lair:4   | Found a runed translucent gate.
 12596 | Lair:4   | Found a runed translucent gate.
 12597 | Lair:4   | Found a runed translucent gate.
 12597 | Lair:4   | Noticed Nelug's ghost (journeyman OpSh)
 12775 | Lair:5   | Entered Level 5 of the Lair of Beasts
 12945 | Lair:5   | Reached skill level 1 in Throwing
 13104 | Lair:5   | Found a radiant altar of Vehumet.
 13125 | Lair:5   | Noticed Nessos
 13212 | Lair:5   | Killed Nessos
 13492 | Lair:5   | Reached XP level 14. HP: 94/113 MP: 14/14
 13751 | Lair:5   | Reached skill level 15 in Maces & Flails
 13760 | Lair:5   | HP: 30/171 [death yak (16)]
 14090 | Lair:5   | Noticed Kirke
 14108 | Lair:5   | Killed Kirke
 14286 | Lair:5   | Received a gift from Trog
 14287 | Lair:5   | Reached skill level 5 in Throwing
 14335 | Lair:5   | Identified the +1 robe of the Mantidfly {Will++ Str-4
                  | Slay-3 SInv}
 14749 | Orc:1    | Entered Level 1 of the Orcish Mines
 14858 | Orc:2    | Entered Level 2 of the Orcish Mines
 14858 | Orc:2    | Noticed Maurice
 14868 | Orc:2    | Killed Maurice
 14888 | Orc:2    | Found a staircase to the Elven Halls.
 14921 | Orc:2    | Reached ****** piety under Trog
 15017 | Orc:2    | Found a roughly hewn altar of Beogh.
 15123 | Orc:2    | Found a roughly hewn altar of Beogh.
 15149 | Orc:2    | Found Bean's General Store.
 15160 | Orc:2    | Iwannabefree: ??thief
 15160 | Orc:2    | beem: thief[1/3]: For the fixedart, see {cloak of the
                  | thief} or the second page of this entry. For the removed
                  | background, see the third page.
 15160 | Orc:2    | Iwannabefree: ??cloak of the thief
 15160 | Orc:2    | beem: cloak of the thief[1/2]: The +2 cloak of the Thief
                  | {*Fog Slay-2 SInv Stlth+}. The cloak makes fog 50% of the
                  | time when the player is damaged for more than 10% of their
                  | max HP.
 15160 | Orc:2    | Bought a potion of invisibility for 112 gold pieces
 15160 | Orc:2    | Bought a potion of attraction for 42 gold pieces
 15160 | Orc:2    | Bought a scroll of identify for 28 gold pieces
 15160 | Orc:2    | Bought a scroll of identify for 28 gold pieces
 15315 | Orc:2    | Found a roughly hewn altar of Beogh.
 15384 | Orc:2    | Noticed an orc warlord
 15489 | Orc:2    | Killed an orc warlord
 15604 | Orc:1    | Received a gift from Trog
 16084 | Orc:2    | Found Zanoam's Antique Armour Shoppe.
 16085 | Orc:2    | Found a roughly hewn altar of Beogh.
 16086 | Orc:2    | Found Ystroqu's Antique Weapon Emporium.
 16099 | Orc:2    | Bought a pair of embroidered gloves for 255 gold pieces
 16099 | Orc:2    | Bought a pair of glowing gloves for 255 gold pieces
 16110 | Orc:2    | Bought a shiny helmet for 255 gold pieces
 16121 | Orc:2    | Bought an embroidered hat for 238 gold pieces
 16168 | Orc:2    | Found a roughly hewn altar of Beogh.
 16196 | Orc:2    | Found Afe Lea's Antique Armour Shop.
 16207 | Orc:2    | Bought a pair of embroidered gloves for 187 gold pieces
 16365 | D:12     | Noticed Urug
 16546 | D:12     | Killed Urug
 16622 | D:12     | Reached XP level 15. HP: 54/122 MP: 8/15
 16639 | D:12     | HP: 17/122 [skeletal warrior/+0 flail of protection (18)]
 16643 | D:12     | Reached skill level 16 in Maces & Flails
 16645 | D:12     | Slain by a skeletal warrior

Illustrated notes

Levels and vault maps discovered:
D:1:      dpeg_arrival_simpleton_b, layout_loops_ring,
          shapermc_ecumenical_altar_petra
D:2:      layout_basic
D:3:      layout_basic, mainiacjoe_overflow_alcove_1,
          mainiacjoe_overflow_chevrons, uniq_robin
D:4:      layout_cave_pools
D:5:      layout_cave_pools, minmay_temple_entry_glass, serial_park_tiny_1,
          grunt_decor_arrowhead
D:6:      layout_basic, doesnt_xom_only_xom, tso_metal_star, kennysheep_path_1,
          nicolae_zen_rock_garden
D:7:      layout_rooms, overflow_temple_1_default,
          gammafunk_temple_overflow_pools, enter_bailey_1, uniq_duvessa
D:8:      layout_basic, uniq_grum, uniq_prince_ribbit1
D:9:      layout_gridville, kennysheep_decorative_pillar,
          nicolae_alphabet_shops, corexii_corridor_pit, nicolae_custom_books
D:10:     layout_irregular_city, vehumet_crystals, slow_altar_1,
          grunt_lair_entry_orc_guard_hut, erik_orc_3, roderic_nine_men_s_morris
D:11:     layout_loops_ring
D:12:     layout_cave_pods, enter_trove_0, serial_shops, shop,
          palyth_stone_intersect, uniq_urug
Temple:   nicolae_temple_figure_eight
Lair:1:   layout_cave_shapes, gammafunk_ghost_grave,
          chequers_serial_rivers_marsh, beast_lair_carwin_5, uniq_gastronok,
          uniq_harold
Lair:2:   layout_cave_pods, guppyfry_snake_entry_island, st_stairs_12,
          serial_bayou_shore_a
Lair:3:   layout_gridlike, skrybe_swamp_entry_bodies
Lair:4:   layout_hall_layers, slime_entry_1, gammafunk_ghost_hydra_chop
Lair:5:   minmay_lair_end_enchanted_forest, layout_regular_city, basic_altar,
          infiniplex_staircase_pool, uniq_kirke, uniq_nessos
Orc:1:    layout_caves
Orc:2:    grunt_orc_community_town_hall, layout_caves,
          grunt_orc_community_big_house_1, grunt_orc_community_big_house_2,
          grunt_orc_community_house_3, grunt_orc_community_house_1,
          grunt_orc_community_house_2, grunt_orc_community_house_1,
          roderic_batcave, uniq_maurice

Skill      XL: |  1  2  3  4  5  6  7  8  9 10 11 12 13 14 15 |
---------------+----------------------------------------------+-----
Maces & Flails | 4 5 6 8 9 10 11 12 13 14 15 16 | 16.0
Short Blades   | 3 |  3.4
Evocations     | 1 4 6 |  6.0
Armour         | 3 6 8 9 |  9.6
Dodging        | 3 6 8 9 |  9.5
Fighting       | 4 5 7 8 11 12 13 | 13.0
Staves         | 3 |  3.6
Throwing       | 2 6 7 |  7.0

Action                     |  1- 3 |  4- 6 |  7- 9 | 10-12 | 13-15 || total
---------------------------+-------+-------+-------+-------+-------++-------
  Melee: Mace              |   150 |    32 |   155 |       |       ||   337
         Short sword       |       |   166 |   222 |    58 |       ||   446
         Quarterstaff      |       |       |       |   391 |    11 ||   402
         Dire flail        |       |       |       |       |   578 ||   578
  Throw: Dart              |       |       |     2 |    10 |    17 ||    29
 Invoke: Berserk           |     1 |     2 |    10 |     5 |     8 ||    26
         Trog's Hand       |       |       |     1 |       |     1 ||     2
  Evoke: Wand              |       |     2 |    18 |    14 |    14 ||    48
    Use: Scroll            |       |     3 |    11 |     4 |     9 ||    27
         Potion            |       |       |       |       |     1 ||     1
   Stab: Sleeping          |     4 |     1 |       |       |     8 ||    13
         Distracted        |       |       |       |       |     1 ||     1
 Armour: Animal skin       |    97 |    20 |       |       |       ||   117
         Ring mail         |       |   108 |   296 |   361 |   373 ||  1138
  Dodge: Dodged            |    88 |    66 |   192 |   313 |   429 ||  1088
  Block: Other             |       |       |    85 |    99 |   125 ||   309
         Reflection        |       |       |     2 |     4 |     4 ||    10

Table legend: (Time is in decaauts)
 A = Elapsed time spent in this place.
 B = Non-inter-level travel time spent in this place.
 C = Inter-level travel time spent in this place.
 D = Time resting spent in this place.
 E = Time spent auto-exploring this place.
 F = Levels seen in this place.
 G = Mean time per level.
                   A        B        C        D        E       F      G
               +--------+--------+--------+--------+--------+-----+--------+
         Total |  16918 |  16040 |    878 |   2199 |   9128 |  21 |  805.6 |
       Dungeon |   9370 |   8804 |    566 |   1013 |   5099 |  12 |  780.8 |
        Temple |     41 |     41 |      0 |     39 |      0 |   1 |   41.0 |
          Lair |   5590 |   5370 |    220 |    958 |   3073 |   5 | 1118.0 |
  Orcish Mines |   1567 |   1476 |     91 |     99 |    914 |   2 |  783.5 |
        Bailey |    349 |    349 |      0 |     89 |     42 |   1 |  349.0 |
               +--------+--------+--------+--------+--------+-----+--------+

Top non-repeatable levels by time:
  Lair:5: 1664 daAuts
     D:6: 1304 daAuts
  Lair:2: 1179 daAuts
   Orc:2: 1047 daAuts
    D:10: 1027 daAuts
    D:11: 949 daAuts
  Lair:4: 948 daAuts
  Lair:1: 945 daAuts
     D:3: 918 daAuts
     D:5: 873 daAuts
  Lair:3: 852 daAuts
     D:2: 782 daAuts
     D:1: 772 daAuts
     D:8: 720 daAuts
     D:7: 692 daAuts
